 Dungeon Crawl Stone Soup version 0.19-a0-1662-gb81896f (webtiles) character file.

176 Banto the Slasher (level 5, -1/34 HPs)
             Began as a High Elf Skald on Sept 21, 2016.
             Slain by a goblin
             ... wielding a +0 club
             ... led by Robin
              (3 damage)
             ... on level 4 of the Dungeon.
             The game lasted 00:02:10 (1866 turns).

Banto the Slasher (High Elf Skald)                  Turns: 1866, Time: 00:02:11

Health: -1/34      AC:  3    Str: 11    XL:     5   Next: 30%
Magic:  3/9        EV: 14    Int: 16    God:
Gold:   90         SH:  0    Dex: 15    Spells: 2 memorised, 5 levels left

rFire  . . .     SeeInvis .     a - +0 falchion
rCold  . . .     Gourm    .     i - +0 leather armour
rNeg   . . .     Faith    .     (no shield)
rPois  +         Spirit   .     (no helmet)
rElec  .         Dismiss  .     (no cloak)
rCorr  .         Reflect  .     (no gloves)
MR     .....     Harm     .     (no boots)
Stlth  +.........               (no amulet)
                                (no ring)
                                f - ring of poison resistance (curse)

@: infused
A: no striking features
a: no special abilities


You were on level 4 of the Dungeon.
You were not hungry.

You visited 1 branch of the dungeon, and saw 4 of its levels.

You collected 90 gold pieces.

Inventory:

Hand Weapons
 a - a +0 falchion (weapon)
 b - a +2 dagger of holy wrath
Armour
 i - a +0 leather armour (worn)
Jewellery
 f - a cursed ring of poison resistance (left hand)
Scrolls
 e - 2 scrolls of identify {unknown}
 g - 3 scrolls of teleportation
 h - a scroll of remove curse {unknown}
 l - a scroll of amnesia {unknown}
Potions
 c - a potion of curing
Comestibles
 d - 3 bread rations
 j - a meat ration
 k - a beef jerky
 m - 2 chunks of flesh


   Skills:
 - Level 2.0 Fighting
 + Level 5.0 Long Blades
 - Level 0.8 Armour
 + Level 4.1 Dodging
 - Level 2.4 Spellcasting
 - Level 3.6 Charms


You had 5 spell levels left.
You knew the following spells:

 Your Spells              Type           Power        Failure   Level  Hunger
a - Infusion              Chrm           ##..         8%          1    #......
b - Song of Slaying       Chrm           ##......     12%         2    ###....


Dungeon Overview and Level Annotations

Branches:
Dungeon (3/15)

Altars:
Ashenzari
Ru

Annotations:
D:4 Robin


Message History

* * * LOW HITPOINT WARNING * * *
A goblin comes into view. It is wielding a club.
You now have 2/9 mp.
Robin says, "Duck!"
Robin roars a battlecry!
The goblins go into a battle-frenzy!
You hear a shout! x2
The phantom hits you.
* * * LOW HITPOINT WARNING * * *
The phantom blinks!
You take 3 damage, and have 6/34 hp.
Robin throws the goblin at you!
* * * LOW HITPOINT WARNING * * *
The goblin hits you with a club.
* * * LOW HITPOINT WARNING * * *
You take 5 damage, and have 2/34 hp.
You closely miss the goblin.
The goblin closely misses you. x2; You riposte.
You barely miss the goblin. The goblin hits you with a club.
You die...

# #..#
.#.#.###..#
....g.)...#
.......g..# .
########.g#####
<# ##W#...#..##
#####.........#
#....gg>......#
#>####@g........
##..$...(..
.#.##..... .#.#
##.#. ..... .#
.. W.. ###


You could see a phantom, Robin, a hobgoblin and 3 goblins.

Vanquished Creatures
  Menkaure (D:4)
  2 adders (D:2)
  A worm (D:2)
  2 dart slugs
  A leopard gecko (D:1)
  4 giant cockroaches
  2 hobgoblins (D:1)
  A quokka (D:3)
  3 bats
  4 frilled lizards
  5 goblins
  4 kobolds
  6 rats
36 creatures vanquished.

Notes
Turn   | Place    | Note
-------+----------+-------------------------------------------
     0 | D:1      | Banto the High Elf Skald began the quest for the Orb.
     0 | D:1      | Reached XP level 1. HP: 14/14 MP: 4/4
   566 | D:1      | Reached XP level 2. HP: 18/19 MP: 0/6
   652 | D:1      | Reached skill level 3 in Long Blades
   979 | D:2      | Learned a level 2 spell: Song of Slaying
  1178 | D:2      | Reached XP level 3. HP: 20/24 MP: 3/7
  1604 | D:2      | Found a sacrificial altar of Ru.
  1604 | D:2      | Found a shattered altar of Ashenzari.
  1848 | D:3      | You fall through a shaft!
  1848 | D:4      | Noticed a phantom
  1852 | D:4      | Noticed Menkaure
  1857 | D:4      | Noticed Robin
  1860 | D:4      | Killed Menkaure
  1860 | D:4      | Reached skill level 5 in Long Blades
  1860 | D:4      | Reached XP level 4. HP: 9/29 MP: 2/8
  1860 | D:4      | Reached XP level 5. HP: 11/34 MP: 2/9
  1866 | D:4      | Slain by a goblin

Vault maps used:
D:1:      lightli_arrival_lavapool
D:2:      gammafunk_temple_overflow_wave, first_bread, kennysheep_minor_cross
D:3:      led_sif_book, serial_bayou_lagoon_b
D:4:      nicolae_overflow_crystal_walls, trog_three_pillars_becter,
          uniq_menkaure, uniq_robin

Skill      XL: |  1  2  3 |
---------------+----------+-----
Long Blades    | 3 5 |  5.0
Dodging        | 2 4 |  4.1
Fighting       | |  2.0
Armour         | |  0.8
Spellcasting   | |  2.4
Charms         | |  3.6

Action                   |  1- 3 |  4- 6 || total
-------------------------+-------+-------++-------
Melee: Falchion          |   108 |     2 ||   110
       Dagger            |     7 |       ||     7
 Cast: Infusion          |    11 |       ||    11
  Use: Scroll            |     1 |       ||     1
       Potion            |     1 |       ||     1
  Eat: Chunk             |     3 |       ||     3
Armor: Leather armour    |    27 |       ||    27
Dodge: Dodged            |    57 |     2 ||    59

Table legend:
 A = Turns spent in this place as a percentage of turns spent in the entire game.
 B = Non-inter-level travel turns spent in this place as a percentage of non-inter-level travel turns spent in the entire game.
 C = Inter-level travel turns spent in this place as a percentage of turns spent in this place.
 D = Turns resting spent in this place as a percentage of non-inter-level travel turns spent in this place.
 E = Turns spent auto-exploring this place as a percentage of non-inter-level travel turns spent in this place.
 F = Non-inter-level travel turns spent in this place divided by the number of levels of this place that you've seen.
                   A       B       C       D       E      F
               +-------+-------+-------+-------+-------+----------------------
         Total | 100.0 | 100.0 |   0.5 |   4.6 |  14.2 | 109.2
       Dungeon | 100.0 | 100.0 |   0.5 |   4.6 |  14.2 | 109.2
               +-------+-------+-------+-------+-------+----------------------

Table legend:
 A = Kills in this place as a percentage of kills in entire the game.
 B = Kills by you in this place as a percentage of kills by you in the entire game.
 C = Kills by friends in this place as a percentage of kills by friends in the entire game.
 D = Other kills in this place as a percentage of other kills in the entire game.
 E = Experience gained in this place as a percentage of experience gained in the entire game.
 F = Experience gained in this place divided by the number of levels of this place that you have seen.
                   A       B       C       D       E      F
               +-------+-------+-------+-------+-------+----------------------
         Total | 100.0 | 100.0 |  -nan |  -nan | 100.0 |  63.0
       Dungeon | 100.0 | 100.0 |  -nan |  -nan | 100.0 |  63.0
               +-------+-------+-------+-------+-------+----------------------
